 Dungeon Crawl Stone Soup version 0.32-a0-859-gb0a091d592 (webtiles) character file.

Game seed: 16245693774696937224

471 pokeman the Magician (level 6, -3/52 HPs)
             Began as a Deep Elf Hedge Wizard on Mar 27, 2024.
             Was an Initiate of Vehumet.
             Slain by Dowan
             ... wielding a +1 dagger of venom
              (6 damage)
             ... on level 4 of the Dungeon.
             The game lasted 00:11:51 (4132 turns).

pokeman the Magician (Deep Elf Hedge Wizard)        Turns: 4132, Time: 00:11:52

Health: -3/52      AC: 23    Str: 11    XL:     6   Next: 83%
Magic:  4/17       EV:  2    Int: 23    God:    Vehumet [......]
Gold:   174        SH:  0    Dex: 14    Spells: 10/18 levels left

rFire   . . .        r - +11 mace of Accidental Termination {speed, rPois Str+4 Int+2}
rCold   . . .        (no shield)
rNeg    . . .        b - melded +0 robe
rPois   +            c - melded +0 hat
rElec   .            (cloak currently unavailable)
rCorr   .            (gloves currently unavailable)
SInv    .            (boots currently unavailable)
Will    .....        q - amulet of the acrobat
Stlth   +            (no ring)
HPRegen 0.28/turn    (no ring)
MPRegen 0.15/turn

%: acrobat
@: lethally poisoned (-3 -> -8), lit by a corona, tree-form, very slightly
contaminated, glowing
A: stationary, stasis, torment immunity, boosted hp
a: Renounce Religion


You were on level 4 of the Dungeon.
You worshipped Vehumet.
Vehumet was noncommittal.
You were a tree.
You visited 2 branches of the dungeon, and saw 5 of its levels.

You collected 174 gold pieces.

Inventory:

Hand Weapons
 r - the +11 mace of Accidental Termination (weapon) {speed, rPois Str+4 Int+2}
   (You found it on level 3 of the Dungeon)

   Str+4:     It affects your strength (+4).
   Int+2:     It affects your intelligence (+2).
   rPois:     It protects you from poison.
Armour
 b - a +0 robe (melded)
 c - a +0 hat (melded)
Jewellery
 q - an amulet of the acrobat (around neck)
Wands
 j - a wand of mindburst (14)
 t - a wand of warping (9)
Scrolls
 e - 2 scrolls of teleportation {unknown}
 h - a scroll of enchant armour {unknown}
 k - a scroll of revelation {unknown}
 l - a scroll of summoning {unknown}
 p - a scroll of noise {unknown}
 s - a scroll of acquirement {unknown}
Potions
 a - a potion of lignification
 d - a potion of magic
 f - a potion of degeneration {unknown}
 g - 2 potions of curing {unknown}
 i - a potion of invisibility {unknown}
 m - a potion of brilliance {unknown}
 n - 2 potions of enlightenment {unknown}
 o - a potion of cancellation {unknown}


   Skills:
 + Level 1.7 Fighting
 - Level 1.0 Armour
 - Level 3.0 Dodging
 - Level 3.0 Stealth
 + Level 6.8 Spellcasting
 + Level 3.6 Conjurations
 - Level 1.1 Summonings
 - Level 1.1 Translocations
 - Level 1.2 Air Magic
 - Level 1.2 Alchemy
 - Level 2.3 Evocations


You had 10 spell levels left.
You knew the following spells:

 Your Spells              Type           Power      Damage    Failure   Level
a - Magic Dart            Conj           96%        1d7       1%          1
b - Mephitic Cloud        Conj/Alch/Air  17%        N/A       10%         3
c - Call Imp              Summ           24%        N/A       8%          2
d - Blink                 Tloc           24%        N/A       8%          2

Your spell library contained the following spells:

 Spells                   Type           Power      Damage    Failure   Level
 Slow                     Hex            28%        N/A       8%          1
 Cigotuvi's Dreadful Rot  Necr/Alch/Air  22%        N/A       9%          2


Dungeon Overview and Level Annotations

Branches:
Dungeon (4/15)             Temple (1/1) D:4

Altars:
Ashenzari
Cheibriados
Dithmenos
Fedhas
Gozag
Hepliaklqana
Kikubaaqudgha
Makhleb
Nemelex Xobeh
Okawaru
Qazlal
Ru
Sif Muna
Uskayaw
Vehumet
Wu Jian
Xom
Zin
The Shining One

Shops:
D:1 ==?[!   D:3 *[   D:4 [

Annotations:
D:4 Dowan


Message History

Press: ? - help, Shift-Dir - straight line, f/p - Dowan
Aim: Dowan, wielding a +1 dagger of venom and wearing a +0 robe (fast, confused, chance to affect: 86%)
The ball explodes into a vile cloud!
The stinking cloud engulfs Dowan.
The stinking cloud engulfs you.
Dowan is engulfed in noxious fumes.
Dowan appears confused.
Dowan hits you with a +1 dagger of venom!
The ribbon worm expels a string of sticky webbing.
The stream of webbing hits you but does no damage.
You are caught in a web!
Unknown command.
Unknown command.
You struggle to detach yourself from the web.
Dowan is engulfed in noxious fumes.
Dowan appears confused.
Dowan hits you with a +1 dagger of venom!
* * * LOW HITPOINT WARNING * * *
You are lethally poisoned!
Dowan is engulfed in noxious fumes.
Dowan appears confused.
Dowan gestures wildly.
Dowan hits you with a +1 dagger of venom.
* * * LOW HITPOINT WARNING * * *
The ribbon worm expels a string of sticky webbing.
The stream of webbing hits you but does no damage.
You are even more entangled.
The web tears apart.
* * * LOW HITPOINT WARNING * * *
You feel very sick.
Dowan is engulfed in noxious fumes.
Dowan appears confused.
Dowan barely misses you.
Unknown command.
* * * LOW HITPOINT WARNING * * *
You feel sick.
Dowan is engulfed in noxious fumes.
Dowan appears confused.
Dowan is engulfed in noxious fumes.
Dowan appears confused.
You see here a ball python skeleton.
It was a potion of lignification.
You turn into a tree.
Your +0 hat melds into your body.
Your +0 robe melds into your body.
Your roots penetrate the ground.
* * * LOW HITPOINT WARNING * * *
You feel sick.
Dowan hits you with a +1 dagger of venom.
You die...

#..........#........ #.....#
...........# ..
###....###................
..###(.........##.............
#..#....).......#...........>
...#........................ ##
.............☼w☼..........# ..#
..............§)e.........#...#
.#............○○♣.............#.
.....>..#..###..........<.......
.[).#...##..#...................
...###...#..##...............e..
....##....##................#.e.
......##..##.###.........$..# ..
<...#.# .....# #............# .
........∩.... #.#.....####...
.##......##.. #.##...## ...


You could see Dowan (fast, confused) and a ribbon worm (catching breath).

Vanquished Creatures
  Edmund (D:3)
  Duvessa (D:4)
  A hound (D:4)
  An orc priest (D:4)
  Natasha (thrice) (D:3)
  An orc wizard (D:3)
  An adder (D:2)
  A dart slug (D:4)
  4 ribbon worms
  9 orcs
  4 bats
  5 endoplasms
  2 giant cockroaches (D:1)
  8 hobgoblins
  3 quokkas
  8 ball pythons
  A frilled lizard (D:1)
  4 goblins
  8 kobolds
  A rat (D:3)
67 creatures vanquished.

Notes
Turn   | Place    | Note
-------+----------+-------------------------------------------
     0 | D:1      | pokeman the Deep Elf Hedge Wizard began the quest for the
                  | Orb.
     0 | D:1      | Reached XP level 1. HP: 10/10 MP: 7/7
   243 | D:1      | Reached XP level 2. HP: 16/16 MP: 9/9
   373 | D:1      | Found Cont's Distillery.
   536 | D:1      | Found Plog's Antique Armour Emporium.
   654 | D:1      | Found Ydghivob's Jewellery Shop.
   859 | D:1      | Reached skill level 5 in Spellcasting
   997 | D:1      | Found a faded altar of an unknown god.
  1302 | D:1      | Found Malucate's Jewellery Boutique.
  1360 | D:1      | Found a transporter.
  1360 | D:1      | Found Ynlei's Magic Scroll Shoppe.
  1406 | D:1      | Found a transporter.
  1509 | D:2      | Reached XP level 3. HP: 20/20 MP: 8/11
  1513 | D:2      | Learned a level 3 spell: Mephitic Cloud
  1516 | D:2      | Learned a level 2 spell: Call Imp
  1519 | D:2      | Learned a level 2 spell: Blink
  1847 | D:2      | Reached skill level 1 in Fighting
  2373 | D:3      | Reached skill level 1 in Armour
  2676 | D:3      | Found Fovig's General Store.
  2717 | D:3      | Identified the +11 mace of Accidental Termination {speed,
                  | rPois Str+4 Int+2}
  2819 | D:3      | Reached XP level 4. HP: 25/25 MP: 7/13
  2940 | D:3      | Noticed Natasha
  2945 | D:3      | Killed Natasha
  3121 | D:3      | Found Ityfuteigg's Armour Emporium.
  3496 | D:3      | Noticed Natasha
  3502 | D:3      | Killed Natasha
  3518 | D:3      | Noticed Natasha
  3526 | D:3      | Killed Natasha
  3527 | D:3      | Reached skill level 6 in Spellcasting
  3527 | D:3      | Reached XP level 5. HP: 29/29 MP: 7/15
  3608 | D:4      | Noticed Duvessa
  3609 | D:4      | Noticed Dowan
  3774 | D:4      | Noticed Edmund
  3792 | D:3      | Killed Edmund
  3793 | D:3      | Reached skill level 1 in Air Magic
  3793 | D:3      | Reached skill level 1 in Alchemy
  3793 | D:3      | Reached skill level 1 in Evocations
  3793 | D:3      | Reached XP level 6. HP: 22/34 MP: 10/17
  4048 | D:4      | Found a staircase to the Ecumenical Temple.
  4056 | Temple   | Found a transporter.
  4056 | Temple   | Found a transporter.
  4056 | Temple   | Found a transporter.
  4056 | Temple   | Found a transporter.
  4056 | Temple   | Entered the Ecumenical Temple
  4075 | Temple   | Became a worshipper of Vehumet
  4096 | D:4      | Found Wiheagri's Armour Shoppe.
  4124 | D:4      | Killed Duvessa
  4132 | D:4      | Slain by Dowan

Illustrated notes

Levels and vault maps discovered:
D:1:      matt_arrival_spirals, layout_basic,
          hellmonk_ecumenical_altar_arch_garden, serial_shops,
          nicolae_shop_crystal, shop, shop, nicolae_square_shop,
          nicolae_shop_drivethru, minmay_statues_item
D:2:      layout_loops_ring
D:3:      layout_loops_cross, serial_shops, shop, shop,
          ebering_dispersal_statue_hall, uniq_natasha
D:4:      layout_cave_pools, minmay_temple_entry_proselytizer, serial_shops,
          nicolae_square_shop, shop, nicolae_shop_peninsula,
          nicolae_shop_just_a_little_nook, nicolae_square_shop,
          kennysheep_another_room, uniq_duvessa, uniq_grinder, uniq_edmund
Temple:   hellmonk_temple_divided_pantheon

Skill      XL: |  1  2  3  4  5  6 |
---------------+-------------------+-----
Spellcasting   | 5 6 |  6.8
Fighting       | 1 |  1.7
Armour         | 1 |  1.0
Conjurations   | 2 3 |  3.6
Stealth        | 3 |  3.0
Dodging        | 3 |  3.0
Air Magic      | 1 |  1.2
Alchemy        | 1 |  1.2
Evocations     | 1 2 |  2.3
Summonings     | |  1.1
Translocations | |  1.1

Action                     |  1- 3 |  4- 6 || total
---------------------------+-------+-------++-------
  Melee: Dagger            |     8 |       ||     8
         Whip              |    16 |       ||    16
         Mace              |     3 |    44 ||    47
   Cast: Magic Dart        |   116 |    36 ||   152
         Mephitic Cloud    |     3 |    13 ||    16
         Blink             |       |     3 ||     3
    Use: Potion            |       |     1 ||     1
   Stab: Sleeping          |     1 |       ||     1
         Confused          |     2 |    10 ||    12
 Armour: Robe              |    24 |    50 ||    74
         Skin              |       |     1 ||     1
  Dodge: Dodged            |    23 |    31 ||    54

Table legend: (Time is in decaauts)
 A = Elapsed time spent in this place.
 B = Non-inter-level travel time spent in this place.
 C = Inter-level travel time spent in this place.
 D = Time resting spent in this place.
 E = Time spent auto-exploring this place.
 F = Levels seen in this place.
 G = Mean time per level.
                   A        B        C        D        E       F      G
               +--------+--------+--------+--------+--------+-----+--------+
         Total |   4132 |   3827 |    305 |    307 |   2962 |   5 |  826.4 |
       Dungeon |   4097 |   3799 |    298 |    307 |   2962 |   4 | 1024.2 |
        Temple |     34 |     27 |      7 |      0 |      0 |   1 |   34.0 |
               +--------+--------+--------+--------+--------+-----+--------+

Top non-repeatable levels by time:
     D:3: 1659 daAuts
     D:1: 1477 daAuts
     D:2: 855 daAuts
     D:4: 105 daAuts
  Temple: 34 daAuts
